 Dungeon Crawl Stone Soup version 0.26.1-11-gd32895ea62 (webtiles) character file.

Game seed: 14707654286389515123

137020 bnorton916 the Severer (level 17, -8/133 HPs)
             Began as a Formicid Fighter on June 24, 2021.
             Was the Champion of Okawaru.
             Killed from afar by a spark wasp (31 damage)
             ... with a living lightning
             ... on level 4 of the Spider Nest on June 25, 2021.
             The game lasted 01:13:27 (34520 turns).

bnorton916 the Severer (Formicid Fighter)          Turns: 34520, Time: 01:13:28

Health: -8/133     AC: 42    Str: 25      XL:     17   Next: 82%
Magic:  2/24       EV: 10    Int:  8 (9)  God:    Okawaru [******]
Gold:   2097       SH: 12    Dex: 12      Spells: 16/16 levels left

rFire    . . .     SeeInvis +   E - +2 executioner's axe (freeze)
rCold    . . .     Faith    .   c - +0 kite shield
rNeg     + . .     Spirit   .   x - +6 crystal plate armour of Gehenna {rPois rN+}
rPois    +         Reflect  .   (helmet unavailable)
rElec    .         Harm     .   A - +1 cloak {Will+}
rCorr    .         Rampage  .   z - +1 pair of gloves
Will     ++...                  M - +0 pair of boots
Stlth    ..........             v - amulet of regeneration
HPRegen  0.72/turn              D - +4 ring of evasion
MPRegen  0.19/turn              K - +4 ring of protection

@: no status effects
A: permanent stasis, dig shafts and tunnels, four strong arms, antennae 3
a: Dig, Shaft Self, Renounce Religion, Heroism, Finesse


You were on level 4 of the Spider Nest.
You worshipped Okawaru.
Okawaru was exalted by your worship.
You visited 5 branches of the dungeon, and saw 25 of its levels.

You collected 2931 gold pieces.
You spent 834 gold pieces at shops.

Inventory:

Hand Weapons
 a - the +8 eveningstar of Idyingaf {vorpal, Str+2}
   (You bought it in a shop on level 2 of the Orcish Mines)

   It inflicts extra damage upon your enemies.
   It affects your strength (+2).
 b - the +7 hand axe of the Dungeon {antimagic, *Rage rElec rPois Stlth+}
   (You found it on level 2 of the Spider Nest)

   It reduces the magical energy of the wielder, and disrupts the spells and
   magical abilities of those hit.
   Natural abilities and divine invocations are not affected.
   It insulates you from electricity.
   It protects you from poison.
   It may make you go berserk in combat.
   It makes you more stealthy.
 E - a +2 executioner's axe of freezing (weapon)
 H - a +4 vorpal executioner's axe
 P - a +3 battleaxe of flaming
Missiles
 h - 7 atropa-tipped darts
 k - 114 poisoned darts (quivered)
 J - 13 silver javelins
Armour
 c - a +0 kite shield (worn)
 n - a +2 cloak
 x - the +6 crystal plate armour of Gehenna (worn) {rPois rN+}
   (Okawaru gifted it to you on level 2 of the Orcish Mines)

   It protects you from poison.
   It protects you from negative energy.
 z - a +1 pair of gloves (worn)
 A - a +1 cloak of willpower (worn)
 M - a +0 pair of boots (worn)
Jewellery
 e - an uncursed ring of positive energy
 v - an amulet of regeneration (around neck)
 D - a +4 ring of evasion (left hand)
 F - an uncursed amulet of reflection
 G - an uncursed ring of stealth
 K - a +4 ring of protection (right hand)
 N - the ring "Ceukoymn" {rPois rC+}
   (You found it on level 9 of the Dungeon)

   [ring of protection from cold]

   It protects you from cold.
   It protects you from poison.
 Q - an uncursed amulet of the acrobat {unknown}
 T - an uncursed amulet of faith {unknown}
Wands
 m - a wand of digging (7)
 p - a wand of flame (8)
 w - a wand of random effects (32)
 I - a wand of iceblast (11)
 L - a wand of acid (15)
 S - a wand of enslavement (5)
Scrolls
 f - 2 scrolls of enchant armour
 g - 16 scrolls of remove curse
 l - 3 scrolls of fog
 s - 5 scrolls of identify
 y - 6 scrolls of amnesia
 C - a scroll of magic mapping
 O - a scroll of silence
Potions
 d - 7 potions of might
 i - 4 potions of magic
 j - 11 potions of curing
 o - 5 potions of flight
 q - 3 potions of brilliance
 r - 4 potions of heal wounds
 t - 2 potions of invisibility
 u - 4 potions of cancellation
 B - 5 potions of resistance
 R - 4 potions of lignification


   Skills:
 - Level 12.2 Fighting
 + Level 19.7 Axes
 + Level 17.1 Armour
 - Level 9.8 Shields
 - Level 9.5 Invocations


You had 16 spell levels left.
You didn't know any spells.
Your spell library contained the following spells:

 Spells                   Type           Power        Failure   Level
 Animate Skeleton         Necr           0%           100%        1
 Apportation              Tloc           0%           100%        1
 Corona                   Hex            0%           100%        1
 Magic Dart               Conj           0%           100%        1
 Summon Small Mammal      Summ           0%           100%        1
 Call Imp                 Summ           0%           100%        2
 Slow                     Hex            0%           100%        2
 Conjure Flame            Conj/Fire      0%           100%        3
 Mephitic Cloud           Conj/Pois/Air  0%           100%        3
 Blink                    Tloc           Unusable     N/A         2

Dungeon Overview and Level Annotations

Branches:
Dungeon (12/15)            Temple (1/1) D:7            Lair (6/6) D:9
 Shoals (0/4) Lair:4       Spider (4/4) Lair:2        Slime (0/5) Lair:6
    Orc (2/2) D:12            Elf (0/3) Orc:2

Altars:
Ashenzari
Cheibriados
Okawaru
Sif Muna
Uskayaw
Vehumet
Beogh
Jiyva

Shops:
D:4 !   D:5 :   D:6 }   D:8 *   D:11 [   Orc:2 (*:[


Innate Abilities, Weirdness & Mutations

You cannot be hasted, slowed, berserked, paralysed or teleported.
You can dig through walls and to a lower floor.
Your four strong arms can wield two-handed weapons with a shield.
You have a pair of large antennae on your head. (SInv)


Message History

You completely miss the spark wasp.
The spark wasp is severely wounded.
You hit the emperor scorpion but do no damage.
The spark wasp barely misses you.
The emperor scorpion closely misses you.
The emperor scorpion claws you. x2
* * * LOW HITPOINT WARNING * * *
The spark wasp bursts into living lightning!
The living lightning hits you!
* * * LOW HITPOINT WARNING * * *
The spark wasp blinks!
You block the redback's attack.
Unknown command.
You slash the emperor scorpion! You freeze the emperor scorpion.
The emperor scorpion is almost dead.
You carve the redback like a ham!!! You freeze the redback!
You kill the redback!
Okawaru accepts your kill.
The spark wasp bursts into living lightning!
The living lightning hits you!!
You die...

#......######...#...^....#.#....#
....#..#.#.#....####.^####...##..
..#.##.....##....^#...#.##..####.
.^..#....^..###....^###.^#...##..
.#..#######.....##..#^#.....###..
.#..^#..........##..#^..#[.....##
##.........######(.....##.#...#..
.#..#..........s....#...###.#^.#.
#####..........§@.....y....####.#
####.......^........#)## ##. ###
####'''############# ## ###.###
#'''# ##≈≈≈### ##≈(.≈.####...##
##....≈≈## ≈.(.≈.^≈##≈...≈##
#...≈....##
≈(..##≈..≈##...≈####≈..≈#≈..≈##
.≈## ##..≈##≈..§≈##..^≈###...≈#
## #≈..≈.....≈#÷.≈### #..≈##


You could see an emperor scorpion and a spark wasp.

Vanquished Creatures
  Nikola (Spider:2)
  Arachne (Spider:2)
  Asterion (Spider:4)
  Gastronok (Lair:3)
  An orc warlord (Orc:2)
  4 ghost moths (Spider:4)
  An emperor scorpion (Spider:1)
  A stone giant (D:12)
  Azrael (Lair:2)
  4 entropy weavers
  The ghost of Ekaitz the Tainter, a journeyman DsVM of Kikubaaqudgha (Lair:6)
  A fire dragon (Lair:6)
  Josephine (D:11)
  7 hydras
  4 boulder beetles
  A catoblepas (Lair:5)
  A queen ant (Spider:2)
  2 orc high priests (Orc:2)
  Urug (Orc:2)
  4 death yaks (Lair:6)
  Sonja (Lair:6)
  An unseen horror (D:10)
  A swamp dragon (Lair:6)
  3 orc knights
  15 orb spiders
  3 orc sorcerers (Orc:2)
  29 wolf spiders
  A cyclops (Orc:2)
  5 moths of wrath
  A manticore (Lair:4)
  7 black mambas
  6 elephants (Lair:4)
  A centaur zombie (D:11)
  A guardian serpent (Lair:6)
  A gargoyle (D:11)
  A torpor snail (Spider:4)
  21 cane toads
  A centaur skeleton (D:12)
  4 rime drakes (Lair:6)
  6 demonic crawlers
  8 komodo dragons
  2 kobold demonologists
  A polar bear (Lair:5)
  6 trolls
  38 jumping spiders
  A queen bee (Lair:5)
  3 meliai (Lair:5)
  5 hornets
  A wind drake (Lair:4)
  A meliai zombie (D:11)
  3 slime creatures (D:12)
  3 blink frogs (Lair:5)
  29 tarantellas
  4 wraiths (D:11)
  9 wyverns
  54 yaks
  72 redbacks
  6 spriggans (Lair:3)
  3 fire elementals
  2 water elementals (D:12)
  5 basilisks (Lair:6)
  An acid dragon (Lair:6)
  Edmund (D:4)
  27 water moccasins
  A hell hound (Spider:1)
  19 soldier ants
  30 orc warriors
  2 swamp drakes (Lair:6)
  5 sky beasts
  4 ice beasts
  A black bear (D:11)
  A necrophage (D:8)
  25 wolves
  10 ogres
  6 centaurs
  10 big kobolds
  Blork the orc (D:5)
  18 bullfrogs
  A gnoll sergeant (D:10)
  A wyvern zombie (D:11)
  2 scorpions
  40 killer bees
  7 wights
  5 electric eels
  5 howler monkeys
  A bullfrog zombie (D:8)
  A quasit (D:11)
  6 hounds
  3 jellies
  A bullfrog skeleton (D:11)
  15 orc priests
  8 iguanas
  Ijyb (D:3)
  6 hell rats (Lair:5)
  29 orc wizards
  25 worker ants
  A hound zombie (D:10)
  3 hound skeletons
  Robin (D:4)
  6 gnolls
  9 adders
  2 shadow imps
  2 white imps
  An ufetubus (D:7)
  An adder zombie (D:7)
  2 adder skeletons
  8 leopard geckos
  96 orcs
  5 giant cockroaches
  14 goblins
  7 hobgoblins
  14 jackals
  22 kobolds
  7 quokkas
  3 ball pythons
  11 bats
  2 frilled lizards
  A jackal zombie (D:5)
  2 leopard gecko skeletons
  A leopard gecko zombie (D:5)
  A quokka skeleton (D:8)
  11 rats
  5 bushes (Lair:3)
961 creatures vanquished.

Vanquished Creatures (collateral kills)
  A bullfrog (Lair:1)
1 creature vanquished.

Vanquished Creatures (others)
  A jumping spider (Spider:2)
  2 tarantellas
  An orc wizard (D:6)
  A bush (Lair:3)
  54 fungi
  101 plants
160 creatures vanquished.

Grand Total: 1122 creatures vanquished

Notes
Turn   | Place    | Note
-------+----------+-------------------------------------------
     0 | D:1      | bnorton916 the Formicid Fighter began the quest for the
                  | Orb.
     0 | D:1      | Reached XP level 1. HP: 18/18 MP: 1/1
   108 | D:1      | Reached XP level 2. HP: 24/24 MP: 2/2
   870 | D:2      | Reached XP level 3. HP: 29/29 MP: 3/3
  1390 | D:2      | Reached XP level 4. HP: 36/37 MP: 4/4
  1620 | D:3      | Found a hide-covered altar of Uskayaw.
  1969 | D:3      | Found a shimmering blue altar of Sif Muna.
  2072 | D:3      | Noticed Ijyb
  2088 | D:3      | Killed Ijyb
  2089 | D:3      | Reached XP level 5. HP: 41/42 MP: 5/5
  2089 | D:3      | Found an iron altar of Okawaru.
  2098 | D:3      | Became a worshipper of Warmaster Okawaru
  2191 | D:3      | Reached skill level 3 in Axes
  3035 | D:4      | Noticed Robin
  3037 | D:4      | Noticed a centaur
  3048 | D:3      | Killed a centaur
  3049 | D:3      | Reached skill level 5 in Shields
  3049 | D:3      | Reached XP level 6. HP: 15/49 MP: 6/6
  3362 | D:4      | Killed Robin
  3611 | D:4      | Found Tafi's Distillery.
  3615 | D:4      | Bought a potion of heal wounds for 60 gold pieces
  3615 | D:4      | Bought a potion of might for 48 gold pieces
  3656 | D:4      | Noticed Edmund
  3670 | D:4      | Killed Edmund
  3670 | D:4      | Reached * piety under Okawaru
  3671 | D:4      | Reached skill level 5 in Armour
  3671 | D:4      | Reached XP level 7. HP: 49/55 MP: 7/7
  3724 | D:4      | Reached skill level 5 in Fighting
  3729 | D:4      | Reached skill level 4 in Axes
  4204 | D:5      | Entered Level 5 of the Dungeon
  4395 | D:5      | Noticed Blork the orc
  4411 | D:5      | Killed Blork the orc
  4740 | D:5      | Found a radiant altar of Vehumet.
  4834 | D:5      | Reached XP level 8. HP: 31/63 MP: 8/8
  5316 | D:5      | Reached ** piety under Okawaru
  5317 | D:5      | Found Qogos's Book Boutique.
  5725 | D:4      | Reached skill level 5 in Axes
  6245 | D:6      | Reached XP level 9. HP: 71/71 MP: 9/9
  6598 | D:6      | Found Jenych's Gadget Shop.
  6971 | D:7      | Reached skill level 6 in Axes
  7184 | D:7      | Reached *** piety under Okawaru
  7474 | D:7      | Found a staircase to the Ecumenical Temple.
  7483 | Temple   | Entered the Ecumenical Temple
  7915 | D:7      | Received a gift from Okawaru
  8410 | D:8      | Reached XP level 10. HP: 80/80 MP: 10/10
  8609 | D:8      | Reached skill level 7 in Axes
  8631 | D:8      | Reached **** piety under Okawaru
  8818 | D:8      | Found Somig's General Store.
  9058 | D:8      | Noticed a kobold demonologist
  9068 | D:8      | Noticed a sun demon
  9072 | D:8      | Killed a kobold demonologist
  9659 | D:9      | Found a staircase to the Lair.
  9672 | D:9      | Reached ***** piety under Okawaru
 10390 | D:9      | Got a bound bronze ring
 10432 | D:9      | Reached skill level 8 in Axes
 10582 | D:9      | Found a snail-covered altar of Cheibriados.
 10681 | D:9      | You fall into a shaft and drop 3 floors!
 10681 | D:12     | Found a staircase to the Orcish Mines.
 10681 | D:12     | Noticed an orc knight
 10739 | D:11     | Reached skill level 1 in Invocations
 10745 | D:11     | Killed an orc knight
 10746 | D:11     | Reached XP level 11. HP: 15/89 MP: 10/12
 11263 | D:10     | Entered Level 10 of the Dungeon
 11268 | D:10     | Noticed an unseen horror
 11280 | D:10     | Killed an unseen horror
 11549 | D:9      | Found a broken altar of Ashenzari.
 11582 | Lair:1   | Entered Level 1 of the Lair of Beasts
 11997 | D:10     | Reached skill level 10 in Fighting
 11997 | D:10     | Reached skill level 9 in Axes
 12333 | D:10     | Reached skill level 5 in Invocations
 12346 | D:10     | Received a gift from Okawaru
 13233 | Lair:1   | Identified the ring "Ceukoymn" {rPois rC+} (You found it on
                  | level 9 of the Dungeon)
 13799 | Lair:1   | Reached XP level 12. HP: 58/99 MP: 16/16
 14079 | Lair:1   | Reached skill level 10 in Axes
 14093 | Lair:1   | Reached ****** piety under Okawaru
 14990 | Lair:1   | Received a gift from Okawaru
 15313 | Lair:1   | Got a thick robe {god gift}
 15324 | Lair:1   | Identified the +0 robe of Rosumpuh {rPois rF+ Int-5}
                  | (Okawaru gifted it to you on level 1 of the Lair of Beasts)
 15373 | Lair:2   | Got a warped plate armour
 15551 | Lair:1   | Identified the +4 plate armour "Cenotij" {rF- Str+8 Int-5
                  | Stlth+} (You found it on level 2 of the Lair of Beasts)
 15714 | Lair:2   | Found a hole to the Spider Nest.
 15916 | Lair:2   | Noticed a boulder beetle
 15944 | Lair:2   | Killed a boulder beetle
 15945 | Lair:2   | Reached skill level 11 in Axes
 16308 | Lair:2   | Reached XP level 13. HP: 108/108 MP: 20/20
 16879 | Lair:3   | Noticed Gastronok
 16893 | Lair:3   | Killed Gastronok
 16893 | Lair:3   | Received a gift from Okawaru
 16894 | Lair:3   | Reached skill level 12 in Axes
 17456 | Lair:4   | Noticed a five-headed hydra
 17474 | Lair:4   | Killed a one-headed hydra
 17482 | Lair:4   | Reached skill level 13 in Axes
 17874 | Lair:4   | Received a gift from Okawaru
 17995 | Lair:4   | Found a staircase to the Shoals.
 18695 | Lair:5   | Reached skill level 14 in Axes
 18764 | Lair:5   | Received a gift from Okawaru
 18804 | Lair:5   | Identified a scroll of acquirement
 18805 | Lair:5   | Acquired a +1 vorpal executioner's axe
 19442 | Lair:5   | Noticed a catoblepas
 19449 | Lair:5   | Reached XP level 14. HP: 115/115 MP: 21/21
 19740 | Lair:5   | Reached skill level 15 in Axes
 19970 | Lair:6   | Entered Level 6 of the Lair of Beasts
 19982 | Lair:6   | Received a gift from Okawaru
 20412 | Lair:6   | Found a viscous altar of Jiyva.
 20412 | Lair:6   | Found a staircase to the Slime Pits.
 20447 | Lair:6   | Found a large runed translucent door.
 20447 | Lair:6   | Found a large runed translucent door.
 20467 | Lair:6   | Reached skill level 10 in Armour
 20754 | Lair:6   | Reached skill level 16 in Axes
 20756 | Lair:6   | Received a gift from Okawaru
 20862 | Lair:6   | Noticed Sonja
 20878 | Lair:6   | Killed Sonja
 21742 | Lair:6   | Reached XP level 15. HP: 121/121 MP: 22/22
 21885 | Lair:6   | Noticed Ekaitz's ghost (journeyman DsVM)
 21925 | Lair:6   | Killed Ekaitz's ghost
 22298 | Lair:6   | HP: 1/121 [fire dragon/blast of flame (46)]
 24043 | Orc:1    | Entered Level 1 of the Orcish Mines
 24043 | Orc:1    | Noticed a stone giant
 24212 | D:12     | Killed a stone giant
 24673 | Orc:2    | Entered Level 2 of the Orcish Mines
 24887 | Orc:2    | Reached skill level 17 in Axes
 25016 | Orc:2    | Found a roughly hewn altar of Beogh.
 25799 | Orc:2    | Noticed Urug
 25828 | Orc:2    | Killed Urug
 26110 | Orc:2    | Found a roughly hewn altar of Beogh.
 26425 | Orc:2    | Found a staircase to the Elven Halls.
 26472 | Orc:2    | Received a gift from Okawaru
 26475 | Orc:2    | Got a bloodstained crystal plate armour {god gift}
 26486 | Orc:2    | Identified the +6 crystal plate armour of Gehenna {rPois
                  | rN+} (Okawaru gifted it to you on level 2 of the Orcish
                  | Mines)
 26636 | Orc:2    | Noticed an orc warlord
 26661 | Orc:2    | Killed an orc warlord
 26702 | Orc:2    | Found Myep's General Store.
 26709 | Orc:2    | Bought a potion of heal wounds for 70 gold pieces
 26709 | Orc:2    | Bought a potion of might for 56 gold pieces
 26731 | Orc:2    | Found Seim's Antique Armour Shoppe.
 26747 | Orc:2    | Found Iqoc's Book Shoppe.
 26763 | Orc:2    | Found Dyuziria's Antique Weapon Shoppe.
 26782 | Orc:2    | Bought a brightly glowing eveningstar for 600 gold pieces
 26782 | Orc:2    | Identified the +8 eveningstar of Idyingaf {vorpal, Str+2}
                  | (You bought it in a shop on level 2 of the Orcish Mines)
 26858 | D:11     | Noticed Josephine
 26867 | D:11     | Killed Josephine
 26935 | D:11     | Found Feireela's Antique Armour Shop.
 27594 | Spider:1 | Entered Level 1 of the Spider Nest
 27944 | Spider:1 | Noticed Azrael
 28169 | Lair:2   | Killed Azrael
 28315 | Spider:1 | Reached XP level 16. HP: 124/127 MP: 23/23
 29678 | Spider:2 | Received a gift from Okawaru
 29697 | Spider:2 | Got an agate-encrusted plate armour {god gift}
 29722 | Spider:1 | Identified the +5 plate armour of the Tundras {Harm rPois
                  | rF-} (Okawaru gifted it to you on level 2 of the Spider
                  | Nest)
 29774 | Spider:2 | Reached skill level 18 in Axes
 29990 | Spider:2 | Got a steaming hand axe
 29991 | Spider:2 | Identified the +7 hand axe of the Dungeon {antimagic, *Rage
                  | rElec rPois Stlth+} (You found it on level 2 of the Spider
                  | Nest)
 30133 | Spider:2 | Noticed Nikola
 30235 | Spider:2 | Killed Nikola
 30760 | Spider:2 | Reached skill level 15 in Armour
 31014 | Spider:3 | Noticed Arachne
 31031 | Spider:2 | Killed Arachne
 31031 | Spider:2 | Received a gift from Okawaru
 31663 | Spider:3 | Reached XP level 17. HP: 128/133 MP: 24/24
 32246 | Spider:3 | Received a gift from Okawaru
 32249 | Spider:3 | Reached skill level 19 in Axes
 32666 | Spider:4 | Entered Level 4 of the Spider Nest
 34300 | Spider:4 | Noticed Asterion
 34333 | Spider:4 | Killed Asterion
 34520 | Spider:4 | Killed from afar by a spark wasp

Illustrated notes

Levels and vault maps discovered:
D:1:      matt_arrival_debris, layout_loops_ring
D:2:      layout_loops_ring, minivault_26
D:3:      layout_basic, old_standard_altar, lemuel_round_altar,
          nicolae_overflow_crystal_walls, uniq_ijyb
D:4:      layout_cave_pools, serial_shops, nicolae_shop_crystal, uniq_edmund,
          uniq_robin
D:5:      layout_loops_ring, general_overflow_altar, serial_shops, shop,
          uniq_blork_the_orc
D:6:      layout_loops_ring, serial_shops, shop_statue
D:7:      layout_gridville, minmay_temple_entry_poolview
D:8:      layout_rooms, serial_shops, kennysheep_mini_moat, special_room
          [special_room_kobold]
D:9:      layout_basic, marbit_many_paths, old_standard_altar, lair_entry_dummy
D:10:     layout_cave_pods
D:11:     layout_stronghold, serial_shops, shop_coins, uniq_josephine
D:12:     layout_loops_corners, orc_david_3, gauntlet_entry_generic,
          kennysheep_boxes
Temple:   minmay_temple_bridge_d
Lair:1:   layout_cave_pods, grunt_forest_small_clearing_treed
Lair:2:   layout_roguey, spider_nest_entry_a, lemuel_fruit_tree,
          lemuel_fruit_fields, infiniplex_staircase_pool
Lair:3:   layout_misc_corridors, minmay_hedge_maze, wad_woods_01, uniq_gastronok
Lair:4:   layout_cellular_growth, minmay_shoals_entry_beasts,
          serial_bayou_shore_b, grunt_megastairs_3, serial_bayou_shore_a
Lair:5:   layout_loops_ring, special_room [special_room_bee],
          chequers_serial_rivers_micro_c, serial_bayou_pond_d,
          beast_lair_carwin_2
Lair:6:   hangedman_lair_tendril_chambers, layout_cellular_growth,
          guppyfry_lair_end_dragon, dpeg_slime_entry_enclosed_altar,
          ebering_ghost_disaster_area, kennysheep_basilisk_garden, uniq_sonja
Spider:1: layout_spider_delve, uniq_azrael
Spider:2: layout_spider_delve, zaba_antful_of_joy, uniq_nikola
Spider:3: layout_chambers, nicolae_spider_nook, uniq_arachne
Spider:4: spider_rune_water, uniq_louise, uniq_asterion
Orc:1:    layout_caves
Orc:2:    grunt_orc_cross, layout_caves, mines2_david

Skill      XL: |  1  2  3  4  5  6  7  8  9 10 11 12 13 14 15 16 17 |
---------------+----------------------------------------------------+-----
Shields        | 4 5 6 7 8 9 |  9.8
Armour         | 4 5 6 7 9 11 13 15 17 | 17.1
Fighting       | 4 5 6 7 9 10 12 | 12.2
Axes           | 3 4 5 6 8 9 11 14 16 17 18 19 | 19.7
Invocations    | 2 6 9 |  9.5

Action                   |  1- 3 |  4- 6 |  7- 9 | 10-12 | 13-15 | 16-18 || total
-------------------------+-------+-------+-------+-------+-------+-------++-------
Melee: War axe           |   143 |   162 |   428 |   457 |       |       ||  1190
       Battleaxe         |       |       |       |   286 |   537 |       ||   823
       Executioner's axe |       |       |       |       |   539 |   728 ||  1267
       Hand axe          |       |       |       |       |       |    40 ||    40
Throw: Javelin           |       |       |       |     1 |       |    23 ||    24
       Dart              |       |       |       |       |       |    18 ||    18
Invok: Finesse           |       |       |       |       |     1 |     3 ||     4
 Abil: Dig               |     2 |     9 |     9 |    14 |    26 |    15 ||    75
Evoke: Wand              |       |     1 |    11 |     3 |     1 |       ||    16
  Use: Scroll            |       |     9 |     4 |     3 |    10 |     8 ||    34
       Potion            |       |       |     3 |     4 |     5 |     3 ||    15
Armor: Scale mail        |    85 |    70 |   132 |   164 |       |       ||   451
       Plate armour      |       |       |       |    28 |   286 |       ||   314
       Crystal plate arm |       |       |       |       |    79 |   806 ||   885
Dodge: Dodged            |    61 |    74 |   244 |   315 |   323 |   380 ||  1397
Block: Kite shield       |   111 |    96 |   270 |   460 |   869 |   783 ||  2589
       Reflection        |       |       |       |       |    22 |       ||    22
